 Dungeon Crawl Stone Soup version 0.28-a0-697-g47f3eba078 (webtiles) character file.

Game seed: 3354029213930112266

1720 Grim the Zephyrmancer (level 8, -9/45 HPs)
             Began as a Deep Elf Air Elementalist on Oct 23, 2021.
             Was an Initiate of Vehumet.
             Mangled by a five-headed hydra (14 damage)
             ... on level 6 of the Dungeon.
             The game lasted 00:19:34 (8363 turns).

Grim the Zephyrmancer (Deep Elf Air Elementalist)   Turns: 8363, Time: 00:19:35

Health: -9/45      AC:  3    Str:  6    XL:     8   Next: 75%
Magic:  13/13      EV: 12    Int: 22    God:    Vehumet [......]
Gold:   336        SH:  0    Dex: 15    Spells: 6/13 levels left

rFire   . . .      SeeInvis .   j - +0 quarterstaff
rCold   . . .      Faith    .   (shield currently unavailable)
rNeg    . . .      Spirit   .   a - +0 robe
rPois   .          Reflect  .   (no helmet)
rElec   .          Harm     .   (no cloak)
rCorr   +          Rampage  .   l - +0 pair of gloves
Will    .....                   (no boots)
Stlth   ++........              (no amulet)
HPRegen 1.15/turn               n - ring of resist corrosion
MPRegen 0.13/turn               (no ring)

@: no status effects
A: low mp 1, regeneration 1, robust 1, evolution 1
a: Renounce Religion


You were on level 6 of the Dungeon.
You worshipped Vehumet.
Vehumet was noncommittal.
You visited 2 branches of the dungeon, and saw 7 of its levels.
You also visited: Sewer.

You collected 336 gold pieces.

Inventory:

Hand Weapons
 j - a +0 quarterstaff (weapon)
Missiles
 i - 2 throwing nets
Armour
 a - a +0 robe (worn)
 l - a +0 pair of gloves (worn)
Jewellery
 n - a ring of resist corrosion (left hand)
Wands
 k - a wand of flame (9)
Scrolls
 b - 3 scrolls of teleportation {unknown}
 c - 4 scrolls of immolation {unknown}
 d - a scroll of enchant armour {unknown}
 f - 2 scrolls of enchant weapon {unknown}
 g - 4 scrolls of identify {unknown}
 q - a scroll of magic mapping {unknown}
 s - a scroll of fear {unknown}
Potions
 h - a potion of flight {unknown}
 m - a potion of degeneration {unknown}
 o - a potion of heal wounds {unknown}
 p - a potion of curing {unknown}
 r - 2 potions of might


   Skills:
 - Level 0.1 Fighting
 - Level 1.0 Staves
 - Level 2.4 Dodging
 - Level 2.4 Stealth
 - Level 3.0 Spellcasting
 * Level 8.4 Conjurations
 * Level 8.7 Air Magic


You had 6 spell levels left.
You knew the following spells:

 Your Spells              Type           Power      Damage    Failure   Level
a - Shock                 Conj/Air       100%       1d9       1%          1
b - Static Discharge      Conj/Air       41%        N/A       1%          2
c - Airstrike             Air            20%        N/A       3%          4

Your spell library contained the following spells:

 Spells                   Type           Power      Damage    Failure   Level
 Swiftness                Air            41%        N/A       1%          3


Dungeon Overview and Level Annotations

Branches:
Dungeon (6/15)             Temple (1/1) D:5           Sewer (visited)

Altars:
Ashenzari
Cheibriados
Dithmenos
Elyvilon
Fedhas
Gozag
Hepliaklqana
Kikubaaqudgha
Makhleb
Nemelex Xobeh
Okawaru
Qazlal
Ru
Sif Muna
Trog
Uskayaw
Vehumet
Wu Jian
Xom
Yredelemnul
The Shining One

Shops:
D:5 :


Innate Abilities, Weirdness & Mutations

Your magical capacity is low. (-10% MP)
Your natural rate of healing is unusually fast.
You are robust. (+10% HP)
You have hidden genetic potential.


Message History

The killer bee is heavily wounded.
You feel sick.
You feel sick.
Things that are here:
a killer bee corpse; a killer bee corpse You feel sick.
You feel sick.
You feel sick.
You feel sick.
You are no longer poisoned.
You flicker for a moment.
You see here 14 stones.
You flicker back into view.
There is a stone staircase leading up here.
You start resting.
Your magical contamination has completely faded away.
You start resting.
A five-headed hydra comes into view.
The five-headed hydra roars!
You climb upwards.
There is a stone staircase leading down here.
You start resting.
Magic restored.
You climb downwards.
The five-headed hydra barely misses you.
The five-headed hydra closely misses you.
The five-headed hydra bites you! The five-headed hydra bites you.
* * * LOW HITPOINT WARNING * * *
The five-headed hydra bites you but does no damage.
There is a stone staircase leading up here.
There is an escape hatch in the floor here.
The five-headed hydra bites you!
* * * LOW HITPOINT WARNING * * *
The five-headed hydra barely misses you.
The five-headed hydra bites you!
* * * LOW HITPOINT WARNING * * *
The five-headed hydra bites you.
* * * LOW HITPOINT WARNING * * *
The five-headed hydra bites you!
You die...

#...................
#.....##############
#...>(# #.....#
#.....# ###.### #.#
#D# #@# #.# #.. #.(.
#.... #..... #......
#.###..#


You could see a five-headed hydra.

Vanquished Creatures
  Sigmund (D:3)
  A steam dragon (D:6)
  A black bear (D:3)
  A necrophage (D:4)
  2 ogres (D:4)
  2 bullfrogs (Sewer)
  3 scorpions
  4 killer bees (D:6)
  A water moccasin skeleton (D:5)
  2 hounds (D:5)
  An orc priest (D:5)
  Jessica (D:3)
  A centaur skeleton (D:5)
  Terence (D:3)
  2 iguanas (D:5)
  2 orc wizards (D:4)
  12 adders
  3 gnolls (D:4)
  A white imp (D:3)
  An ufetubus (D:5)
  2 adder skeletons (D:4)
  A worm (D:2)
  2 dart slugs
  11 orcs
  15 ball pythons
  7 bats
  11 endoplasms
  17 giant cockroaches
  5 goblins
  11 hobgoblins
  3 jackals (D:4)
  6 quokkas
  12 frilled lizards
  4 kobolds
  7 rats
157 creatures vanquished.

Notes
Turn   | Place    | Note
-------+----------+-------------------------------------------
     0 | D:1      | Grim the Deep Elf Air Elementalist began the quest for the
                  | Orb.
     0 | D:1      | Reached XP level 1. HP: 10/10 MP: 6/6
   320 | D:1      | Reached XP level 2. HP: 15/15 MP: 4/8
   360 | D:1      | Learned a level 2 spell: Static Discharge
  1082 | D:2      | Reached XP level 3. HP: 19/19 MP: 2/9
  1765 | D:2      | Reached XP level 4. HP: 24/24 MP: 3/10
  2235 | D:3      | Noticed Jessica
  2238 | D:3      | Killed Jessica
  2517 | D:3      | Noticed a black bear
  2517 | D:3      | Noticed Terence
  2582 | D:3      | Killed a black bear
  2583 | D:3      | Reached skill level 5 in Air Magic
  2583 | D:3      | Reached XP level 5. HP: 7/28 MP: 2/11
  2689 | D:3      | Noticed Sigmund
  3066 | D:2      | Learned a level 4 spell: Airstrike
  3457 | D:3      | Killed Terence
  3936 | D:3      | Reached XP level 6. HP: 11/32 MP: 9/12
  4163 | D:4      | Found a broken altar of Ashenzari.
  4411 | D:4      | Reached skill level 1 in Staves
  4478 | D:4      | Found a glowing drain.
  4482 | Sewer    | Entered a sewer
  5667 | Sewer    | Reached skill level 5 in Conjurations
  5742 | D:4      | Reached XP level 7. HP: 34/36 MP: 4/13
  5745 | D:4      | Gained mutation: Your natural rate of healing is unusually
                  | fast. [potion of mutation]
  5745 | D:4      | Gained mutation: You are frail. (-10% HP) [potion of
                  | mutation]
  5745 | D:4      | Gained mutation: Your magical capacity is low. (-10% MP)
                  | [potion of mutation]
  5749 | D:4      | Lost mutation: You are frail. (-10% HP) [potion of
                  | mutation]
  5749 | D:4      | Gained mutation: You are occasionally teleported next to
                  | monsters. [potion of mutation]
  5749 | D:4      | Lost mutation: You are occasionally teleported next to
                  | monsters. [potion of mutation]
  5749 | D:4      | Gained mutation: You have hidden genetic potential. [potion
                  | of mutation]
  6061 | D:3      | Killed Sigmund
  6563 | D:4      | Reached XP level 8. HP: 41/41 MP: 2/13
  6871 | D:5      | Entered Level 5 of the Dungeon
  6899 | D:5      | Gained mutation: You are robust. (+10% HP) [hidden
                  | potential]
  7327 | D:5      | Found Maeleud's Book Emporium.
  7727 | D:5      | Found a staircase to the Ecumenical Temple.
  7786 | Temple   | Entered the Ecumenical Temple
  7831 | Temple   | Became a worshipper of Vehumet
  8327 | D:6      | Noticed a five-headed hydra
  8363 | D:6      | Mangled by a five-headed hydra

Illustrated notes

Levels and vault maps discovered:
D:1:      minmay_arrival_up_and_down, layout_basic, minmay_hedge_maze
D:2:      layout_rooms
D:3:      layout_loops_ring, uniq_sigmund, uniq_jessica, uniq_terence
D:4:      layout_cave_pods, mainiacjoe_overflow_boulevard, gup_sewer_entry_bowl
D:5:      layout_loops_ring, minmay_temple_entry_large_hall,
          nicolae_take_the_stairs
D:6:      layout_rooms
Temple:   grunt_wide_crystal_templ

Skill      XL: |  1  2  3  4  5  6  7  8 |
---------------+-------------------------+-----
Air Magic      | 4 5 6 7 8 |  8.7
Conjurations   | 2 3 4 5 6 8 |  8.4
Staves         | 1 |  1.0
Fighting       | |  0.1
Dodging        | |  2.4
Stealth        | |  2.4
Spellcasting   | |  3.0

Action                   |  1- 3 |  4- 6 |  7- 9 || total
-------------------------+-------+-------+-------++-------
Melee: Quarterstaff      |       |     7 |     5 ||    12
 Cast: Shock             |    91 |   140 |    83 ||   314
       Static Discharge  |     2 |    20 |     9 ||    31
       Airstrike         |       |     3 |    15 ||    18
  Use: Potion            |       |       |     4 ||     4
Armor: Robe              |     1 |    19 |     5 ||    25
Dodge: Dodged            |     4 |    43 |    14 ||    61

Table legend: (Time is in decaauts)
 A = Elapsed time spent in this place.
 B = Non-inter-level travel time spent in this place.
 C = Inter-level travel time spent in this place.
 D = Time resting spent in this place.
 E = Time spent auto-exploring this place.
 F = Levels seen in this place.
 G = Mean time per level.
                   A        B        C        D        E       F      G
               +--------+--------+--------+--------+--------+-----+--------+
         Total |   8448 |   8278 |    170 |   3417 |   3564 |   8 | 1056.0 |
       Dungeon |   7058 |   6888 |    170 |   2657 |   3168 |   6 | 1176.3 |
        Temple |     64 |     64 |      0 |      0 |      0 |   1 |   64.0 |
         Sewer |   1325 |   1325 |      0 |    760 |    396 |   1 | 1325.0 |
               +--------+--------+--------+--------+--------+-----+--------+

Top non-repeatable levels by time:
     D:3: 1699 daAuts
     D:4: 1424 daAuts
     D:2: 1349 daAuts
   Sewer: 1325 daAuts
     D:5: 1215 daAuts
     D:1: 1155 daAuts
     D:6: 213 daAuts
  Temple: 64 daAuts
